 Dungeon Crawl Stone Soup version 0.31-a0-229-g1fc7ce93e2 (webtiles) character file.

Game seed: 11942880634386510191

171 qw the Shooter (level 5, -2/31 HPs)
             Began as a Gargoyle Hexslinger on July 6, 2023.
             Slain by an orc wizard
             ... wielding a +0 dagger
              (4 damage)
             ... on level 3 of the Dungeon.
             The game lasted 00:01:01 (1703 turns).

qw the Shooter (Gargoyle Hexslinger)                Turns: 1703, Time: 00:01:02

Health: -2/31      AC:  9    Str: 12    XL:     5   Next: 51%
Magic:  6/6        EV: 10    Int: 13    God:
Gold:   168        SH:  0    Dex: 14    Spells: 5/6 levels left

rFire   . . .        f - +1 sling (heavy)
rCold   . . .        (no shield)
rNeg    + . .        e - +0 ring mail
rPois   inf          (no helmet)
rElec   +            (no cloak)
rCorr   .            (no gloves)
SInv    .            (no boots)
Will    .....        (no amulet)
Stlth   +            (no ring)
HPRegen 0.25/turn    (no ring)
MPRegen 0.10/turn

%: no passive effects
@: no status effects
A: sickness immunity, AC +4, negative energy resistance 1, electricity
resistance, torment resistance 1, petrification resistance
a: no special abilities


You were on level 3 of the Dungeon.
You visited 1 branch of the dungeon, and saw 3 of its levels.

You collected 168 gold pieces.


Innate Abilities, Weirdness & Mutations

You are immune to sickness and miasma.
Your stone body is resilient. (AC +4)
You are immune to poison.
You resist negative energy. (rN+)
You are resistant to electric shocks. (rElec)
You are resistant to unholy torment.
You are immune to petrification.


   Skills:
 - Level 2.6 Fighting
 - Level 5.0 Ranged Weapons
 + Level 0.3 Armour
 - Level 1.5 Dodging
 - Level 1.0 Spellcasting
 - Level 2.6 Hexes


You had 5 spell levels left.
You knew the following spells:

 Your Spells              Type           Power      Damage    Failure   Level
a - Slow                  Hex            28%        N/A       22%         1

Your spell library contained the following spells:

 Spells                   Type           Power      Damage    Failure   Level
 Inner Flame              Hex/Fire       4%         N/A       73%         3
 Portal Projectile        Hex/Tloc       8%         N/A       73%         3
 Cause Fear               Hex            3%         N/A       91%         4

Inventory:

Hand Weapons
 f - a +1 heavy sling (weapon)
Armour
 e - a +0 ring mail (worn)
Scrolls
 a - a scroll of fog {unknown}
 d - a scroll of identify
Potions
 b - a potion of curing {unknown}
 g - a potion of cancellation {unknown}
 i - a potion of lignification {unknown}
 k - a potion of resistance {unknown}

Dungeon Overview and Level Annotations

Branches:
Dungeon (3/15)

Altars:


Message History

You hear some strange, mumbled words.
You are confused.
Something hits you but does no damage.
The orc priest mumbles some strange prayers to Beogh against you.
Something writhes in agony!
Something hits you. Something hits you but does no damage.
The orc priest calls upon Beogh to heal the orc.
Something hits you but does no damage. The orc hits you with a +0 whip.
The orc closely misses you. Something hits you but does no damage.
The orc barely misses you. The orc completely misses you.
Something hits you but does no damage. Something hits you.
The orc hits you with a +0 whip. Something hits you but does no damage.
The orc completely misses you.
You feel less confused. Something hits you but does no damage.
The orc hits you but does no damage. x2
Something hits you but does no damage.
You shoot a sling bullet. The sling bullet barely misses the orc.
The sling bullet hits the orc priest but does no damage.
Something hits you but does no damage.
The orc priest calls down the wrath of Beogh upon you.
Beogh smites you! The orc hits you but does no damage.
Something hits you but does no damage. The orc hits you with a +0 whip.
You hear some strange, mumbled words.
A puff of flame appears from out of thin air!
The puff of flame misses you.
The puff of flame hits something!
Reactivating autopickup.
You shoot a sling bullet. The sling bullet hits the orc!
You kill the orc!
The orc hits you but does no damage. Something hits you but does no damage.
Deactivating autopickup; reactivate with Ctrl-A.
The orc priest hits you but does no damage.
The orc hits you but does no damage.
You hear some strange, mumbled words.
A magic dart appears from out of thin air!
The magic dart hits you.
You shoot a sling bullet.
The sling bullet hits the orc priest but does no damage.
The orc priest hits you but does no damage.
The orc barely misses you. Something hits you.
You die...

#. #%## #.# #%#
##)######.# ~
#.# #.........#
..
#.###.#########
... #.##..#
.... #.#..##
~...~ #.#.##
......#{..#
......o@.##
.......o.#
#######.># ##.#
#.# #.# #.# .#


You could see an orc priest and an orc.

Vanquished Creatures
  9 adders (D:2)
  2 worms (D:2)
  2 dart slugs (D:2)
  An orc (D:3)
  6 bats
  5 endoplasms
  9 giant cockroaches (D:2)
  8 goblins
  6 hobgoblins
  7 jackals (D:1)
  6 kobolds
  2 quokkas
  6 ball pythons
  3 frilled lizards
  3 rats
75 creatures vanquished.

Vanquished Creatures (others)
  An orc wizard (D:3)
1 creature vanquished.

Grand Total: 76 creatures vanquished

Notes
Turn   | Place    | Note
-------+----------+-------------------------------------------
     0 | D:1      | qw the Gargoyle Hexslinger began the quest for the Orb.
     0 | D:1      | Reached XP level 1. HP: 12/12 MP: 2/2
     0 | D:1      | 0 ||| qw: Version: 0.3-a-46-gb1f654a
     0 | D:1      | 0 ||| qw: Game counter: 1412
     0 | D:1      | 0 ||| qw: Melee chars always use a shield: true
     0 | D:1      | 0 ||| qw: God list: Okawaru
     0 | D:1      | 0 ||| qw: Allow faded altars: false
     0 | D:1      | 0 ||| qw: Do Orc after clearing Dungeon:15 true
     0 | D:1      | 0 ||| qw: Do second Lair branch before Depths: true
     0 | D:1      | 0 ||| qw: Lair rune preference: random
     0 | D:1      | 0 ||| qw: Goals: Normal
     0 | D:1      | 0 ||| PLANNING D:1-11
    77 | D:1      | Reached XP level 2. HP: 16/16 MP: 3/3
   235 | D:1      | Reached skill level 3 in Ranged Weapons
   378 | D:1      | Reached XP level 3. HP: 15/21 MP: 4/4
   675 | D:1      | 675 ||| UPGRADING to +0 leather armour.
   685 | D:1      | 685 ||| DROPPING +0 robe.
   686 | D:1      | 686 ||| READING scroll labelled SAKOCK VAEMO.
   687 | D:1      | 687 ||| READING scroll labelled VISTUI UXTAOG.
   691 | D:1      | 691 ||| READING scroll labelled ZEVYUM VAOL.
   692 | D:1      | 692 ||| DROPPING scroll of poison.
   830 | D:2      | Reached XP level 4. HP: 24/26 MP: 5/5
   872 | D:2      | Reached skill level 4 in Ranged Weapons
  1069 | D:2      | Reached XP level 5. HP: 30/30 MP: 6/6
  1113 | D:2      | Reached skill level 5 in Ranged Weapons
  1575 | D:2      | 1575 ||| UPGRADING to +0 ring mail.
  1585 | D:2      | 1585 ||| DROPPING +0 leather armour.
  1586 | D:2      | 1586 ||| READING scroll labelled XUVEXI REORAER.
  1587 | D:2      | 1587 ||| READING scroll labelled MIRU AMAEMI.
  1588 | D:2      | 1588 ||| READING scroll labelled GUENACIFI.
  1589 | D:2      | 1589 ||| DRINKING 2 fuming red potions.
  1689 | D:3      | HP: 7/31 [orc priest/divine providence (9)]
  1690 | D:3      | 1690 ||| DRINKING potion of heal wounds.
  1701 | D:3      | HP: 6/31 [orc/+0 whip (3)]
  1702 | D:3      | HP: 1/31 [something/magic dart (5)]
  1703 | D:3      | Slain by an orc wizard

Levels and vault maps discovered:
D:1:      minmay_arrival_plants_in_alcoves, layout_basic, st_stairs_5
D:2:      minmay_roachtagon, layout_loops_ring, minmay_snake_closets
D:3:      cheibrodos_pilgrimage, layout_basic, uniq_robin

Skill      XL: |  1  2  3  4  5 |
---------------+----------------+-----
Ranged Weapons | 3 4 5 |  5.0
Fighting       | 2 |  2.6
Armour         | |  0.3
Dodging        | |  1.5
Spellcasting   | |  1.0
Hexes          | |  2.6

Action                     |  1- 3 |  4- 6 || total
---------------------------+-------+-------++-------
   Fire: Sling             |   115 |   171 ||   286
    Use: Scroll            |     3 |     3 ||     6
         Potion            |       |     2 ||     2
 Armour: Robe              |    12 |       ||    12
         Leather armour    |     7 |    51 ||    58
         Ring mail         |       |    28 ||    28
  Dodge: Dodged            |    45 |    69 ||   114

Table legend:
 A = Non-vault XP
 B = Vault XP
 C = Vault XP percentage of total XP
 D = Non-vault monster count
 E = Vault monster count
 F = Vault count percentage of total count
                 A         B        C        D         E       F
            +---------+---------+-------+---------+---------+-------
      Total |     124 |     121 |  49.4 |      52 |      23 |  30.7
            +---------+---------+-------+---------+---------+-------
        D:1 |      49 |       4 |   7.5 |      28 |       3 |   9.7
        D:2 |      70 |     114 |  62.0 |      21 |      19 |  47.5
        D:3 |       5 |       3 |  37.5 |       3 |       1 |  25.0
            +---------+---------+-------+---------+---------+-------
